3R
WATFORD CITY TRASH PANDAS @ BALLARD BEAVERS
07/26/2042
 
TOP OF THE 1ST
Watford City Trash Pandas batting - Pitching for Ballard Beavers : RHP Kjeld Burger
Pitching: RHP Kjeld Burger
Batting: LHB Ed Cotton 0-0: Ball
1-0: SINGLE (Groundball, 6M, EV 82.5 MPH) (infield hit)
Batting: LHB Don Hartman 0-0: Ball
Ed Cotton is caught stealing 2nd base 2-6
1-0: Foul Ball, location: 2F
1-1: Swinging Strike
1-2: Ball
2-2: Ground out 4-3 (Groundball, 34, EV 105.0 MPH)
Batting: LHB Pedro Rey 0-0: Called Strike
0-1: Ball
1-1: Foul Ball, location: 2F
1-2: Ball
2-2: DOUBLE (Line Drive, 89D, EV 103.8 MPH)
Batting: LHB Marcos Vargas 0-0: Ball
1-0: Fly out, F5 (Popup, 5SF, EV 78.8 MPH)
Top of the 1st over - 0 runs, 2 hits, 0 errors, 1 left on base; Watford City 0 - Ballard 0
BOTTOM OF THE 1ST
Ballard Beavers batting - Pitching for Watford City Trash Pandas : RHP Nicky Martínez
Pitching: RHP Nicky Martínez
Batting: LHB Shane Holman 0-0: Called Strike
0-1: Swinging Strike
0-2: Ball
1-2: Foul Ball, location: 2F
1-2: Ball
2-2: SINGLE (Groundball, 5D, EV 96.2 MPH)
Batting: RHB Kevin Neal 0-0: Ball
1-0: Ball
Wild Pitch!
Shane Holman to second
2-0: Foul Ball, location: 2F
2-1: Ball
3-1: Base on Balls
Batting: LHB Bill Bass 0-0: Called Strike
0-1: Swinging Strike
0-2: Fly out, F6 (Line Drive, 6, EV 73.1 MPH)
Batting: RHB John Reed 0-0: Ball
1-0: Foul Ball, location: 2F
1-1: Foul Ball, location: 2F
1-2: Ball
2-2: Fly out, F7 (Flyball, 7S, EV 90.0 MPH)
Batting: RHB Rich Joyner 0-0: Foul Ball, location: 2F
0-1: Called Strike
0-2: Ball
1-2: Foul Ball, location: 2F
1-2: Fly out, F7 (Line Drive, 7, EV 86.2 MPH)
Bottom of the 1st over - 0 runs, 1 hit, 0 errors, 2 left on base; Watford City 0 - Ballard 0
TOP OF THE 2ND
Watford City Trash Pandas batting - Pitching for Ballard Beavers : RHP Kjeld Burger
Batting: RHB Zier Weeteling 0-0: Called Strike
0-1: Ball
1-1: Ball
2-1: Ball
3-1: Called Strike
3-2: Foul Ball, location: 2F
3-2: Fly out, F8 (Flyball, 89M, EV 97.5 MPH)
Batting: SHB José López 0-0: Called Strike
0-1: Foul Ball, location: 2F
0-2: Ball
1-2: Fly out, F9 (Flyball, 9LS, EV 85.0 MPH)
Batting: SHB Danny Adams 0-0: Called Strike
0-1: Called Strike
0-2: Foul Ball, location: 2F
0-2: Ball
1-2: Strikes out looking
Top of the 2nd over - 0 runs, 0 hits, 0 errors, 0 left on base; Watford City 0 - Ballard 0
BOTTOM OF THE 2ND
Ballard Beavers batting - Pitching for Watford City Trash Pandas : RHP Nicky Martínez
Batting: RHB Eli Johnson 0-0: Called Strike
0-1: Ball
1-1: Foul Ball, location: 2F
1-2: Ball
2-2: Ground out 6-3 (Groundball, 6, EV 81.9 MPH)
Batting: RHB José López 0-0: Called Strike
0-1: Foul Ball, location: 2F
0-2: DOUBLE (Line Drive, 89M, EV 96.9 MPH)
Batting: RHB José Romero 0-0: Called Strike
0-1: Swinging Strike
0-2: Ball
1-2: Fly out, F9 (Flyball, 9LM, EV 100.0 MPH)
Batting: RHB Jim McDermott 0-0: Ball
1-0: Ground out 5-3 (Groundball, 5D, EV 102.5 MPH)
Bottom of the 2nd over - 0 runs, 1 hit, 0 errors, 1 left on base; Watford City 0 - Ballard 0
TOP OF THE 3RD
Watford City Trash Pandas batting - Pitching for Ballard Beavers : RHP Kjeld Burger
Batting: LHB Francisco Gallardo 0-0: Called Strike
0-1: Ball
1-1: Called Strike
1-2: Foul Ball, location: 2F
1-2: Foul Ball, location: 2F
1-2: Strikes out swinging
Batting: RHB Lee Carlson 0-0: Fly out, F3 (Popup, 3L, EV 65.0 MPH)
Batting: LHB Ed Cotton 0-0: Ball
1-0: Ball
2-0: Ball
3-0: Called Strike
3-1: Base on Balls
Batting: LHB Don Hartman 0-0: Ball
Ed Cotton is caught stealing 2nd base 2-6
Top of the 3rd over - 0 runs, 0 hits, 0 errors, 0 left on base; Watford City 0 - Ballard 0
BOTTOM OF THE 3RD
Ballard Beavers batting - Pitching for Watford City Trash Pandas : RHP Nicky Martínez
Batting: LHB Shane Holman 0-0: Called Strike
0-1: Swinging Strike
0-2: Strikes out swinging
Batting: RHB Kevin Neal 0-0: Ball
1-0: Called Strike
1-1: Ball
2-1: Foul Ball, location: 2F
2-2: Foul Ball, location: 2F
2-2: Foul Ball, location: 2F
2-2: Foul Ball, location: 2F
2-2: Ground out 1-3 (Groundball, P, EV 86.2 MPH)
Batting: LHB Bill Bass 0-0: Foul Ball, location: 2F
0-1: Ball
1-1: Ball
2-1: Ball
3-1: Fly out, F6 (Popup, 6S, EV 68.1 MPH)
Bottom of the 3rd over - 0 runs, 0 hits, 0 errors, 0 left on base; Watford City 0 - Ballard 0
TOP OF THE 4TH
Watford City Trash Pandas batting - Pitching for Ballard Beavers : RHP Kjeld Burger
Batting: LHB Don Hartman 0-0: Called Strike
0-1: Ball
1-1: Called Strike
1-2: SINGLE (Groundball, 34D, EV 96.9 MPH)
Batting: LHB Pedro Rey 0-0: Ball
1-0: Ball
2-0: Ball
3-0: Called Strike
3-1: Swinging Strike
3-2: Fielders Choice at 2nd, 1-6 (Groundball, 23, EV 68.8 MPH)
Batting: LHB Marcos Vargas 0-0: Ball
1-0: Foul Ball, location: 2F
1-1: Foul Ball, location: 2F
1-2: Ball
2-2: Foul Ball, location: 2F
2-2: Fielders Choice at 2nd, 4-6 (Groundball, 4, EV 85.6 MPH)
Batting: RHB Zier Weeteling 0-0: Called Strike
0-1: Called Strike
0-2: Foul Ball, location: 2F
0-2: Foul Ball, location: 2F
0-2: Foul Ball, location: 2F
0-2: Strikes out swinging
Top of the 4th over - 0 runs, 1 hit, 0 errors, 1 left on base; Watford City 0 - Ballard 0
BOTTOM OF THE 4TH
Ballard Beavers batting - Pitching for Watford City Trash Pandas : RHP Nicky Martínez
Batting: RHB John Reed 0-0: Ball
1-0: Foul Ball, location: 2F
1-1: Ball
2-1: Foul Ball, location: 2F
2-2: Strikes out looking
Batting: RHB Rich Joyner 0-0: Swinging Strike
0-1: Foul Ball, location: 2F
0-2: Ball
1-2: Strikes out swinging
Batting: RHB Eli Johnson 0-0: Ball
1-0: Ball
2-0: Ball
3-0: Base on Balls
Batting: RHB José López 0-0: Ball
1-0: Foul Ball, location: 2F
1-1: Ball
2-1: Fielders Choice at 2nd, U4 (Groundball, 4M, EV 81.2 MPH)
Bottom of the 4th over - 0 runs, 0 hits, 0 errors, 1 left on base; Watford City 0 - Ballard 0
TOP OF THE 5TH
Watford City Trash Pandas batting - Pitching for Ballard Beavers : RHP Kjeld Burger
Batting: SHB José López 0-0: Called Strike
0-1: Ball
1-1: Ground out 5-3 (Groundball, 5, EV 85.6 MPH)
Batting: SHB Danny Adams 0-0: Foul Ball, location: 2F
0-1: Ball
1-1: Swinging Strike
1-2: SINGLE (Flyball, 89S, EV 86.2 MPH)
Batting: LHB Francisco Gallardo 0-0: Ball
1-0: Ball
2-0: Ball
Danny Adams is caught stealing 2nd base 2-6
3-0: Called Strike
3-1: Base on Balls
Batting: RHB Lee Carlson 0-0: Ball
1-0: Called Strike
1-1: Called Strike
1-2: Ball
2-2: Strikes out swinging
Top of the 5th over - 0 runs, 1 hit, 0 errors, 1 left on base; Watford City 0 - Ballard 0
BOTTOM OF THE 5TH
Ballard Beavers batting - Pitching for Watford City Trash Pandas : RHP Nicky Martínez
Pitching: RHP Wing-chiu Che
Batting: RHB José Romero 0-0: Ball
1-0: Foul Ball, location: 2F
1-1: Ball
2-1: Foul Ball, location: 2F
2-2: Ball
3-2: Strikes out swinging
Batting: RHB Jim McDermott 0-0: Ball
1-0: Fly out, F7 (Flyball, 78M, EV 92.5 MPH)
Batting: LHB Shane Holman 0-0: Ball
1-0: Foul Ball, location: 2F
1-1: Ball
2-1: Ball
3-1: SINGLE (Line Drive, 34D, EV 94.4 MPH)
Batting: RHB Kevin Neal 0-0: Called Strike
0-1: Ball
1-1: Ball
2-1: Swinging Strike
2-2: Strikes out swinging
Bottom of the 5th over - 0 runs, 1 hit, 0 errors, 1 left on base; Watford City 0 - Ballard 0
TOP OF THE 6TH
Watford City Trash Pandas batting - Pitching for Ballard Beavers : RHP Kjeld Burger
Batting: LHB Ed Cotton 0-0: Ball
1-0: Foul Ball, location: 2F
1-1: Foul Ball, location: 2F
1-2: Foul Ball, location: 2F
1-2: Ball
2-2: Hit by Pitch
Pitching: LHP Norberto Cabrera
Batting: LHB Don Hartman 0-0: Ball
Ed Cotton is caught stealing 2nd base 2-6
1-0: Called Strike
1-1: Foul Ball, location: 2F
1-2: Strikes out swinging
Batting: LHB Pedro Rey 0-0: Ball
1-0: Ball
2-0: SINGLE (Groundball, 6D, EV 105.6 MPH)
Batting: LHB Marcos Vargas 0-0: Ball
1-0: Ball
2-0: SINGLE (Groundball, 6MS, EV 87.5 MPH) (infield hit)
Pedro Rey to second
Batting: RHB Zier Weeteling 0-0: Called Strike
0-1: Ground out 3-1 (Groundball, 34, EV 90.6 MPH)
Top of the 6th over - 0 runs, 2 hits, 0 errors, 2 left on base; Watford City 0 - Ballard 0
BOTTOM OF THE 6TH
Ballard Beavers batting - Pitching for Watford City Trash Pandas : RHP Wing-chiu Che
Batting: LHB Bill Bass 0-0: Ball
1-0: Called Strike
1-1: Ball
2-1: Foul Ball, location: 2F
2-2: Foul Ball, location: 2F
2-2: Ball
3-2: Ground out 4-3 (Groundball, 4, EV 85.6 MPH)
Batting: RHB John Reed 0-0: Ball
1-0: Called Strike
1-1: Swinging Strike
1-2: Fly out, F7 (Flyball, 7, EV 88.1 MPH)
Batting: RHB Rich Joyner 0-0: Called Strike
0-1: Called Strike
0-2: Ball
1-2: Foul Ball, location: 2F
1-2: Foul Ball, location: 2F
1-2: Ball
2-2: Ground out 6-3 (Groundball, 56, EV 95.6 MPH)
Bottom of the 6th over - 0 runs, 0 hits, 0 errors, 0 left on base; Watford City 0 - Ballard 0
TOP OF THE 7TH
Watford City Trash Pandas batting - Pitching for Ballard Beavers : LHP Norberto Cabrera
Batting: SHB José López 0-0: Ball
1-0: Called Strike
1-1: Ball
2-1: SINGLE (Line Drive, 89S, EV 104.4 MPH)
Batting: SHB Danny Adams 0-0: Ball
1-0: Ball
2-0: Foul Ball, location: 2F
2-1: SINGLE (Line Drive, 7S, EV 90.6 MPH)
José López to second
Pinch Runner at 2nd Pim Oskamp:
Batting: LHB Francisco Gallardo 0-0: Called Strike
0-1: Foul Ball, location: 2F
0-2: Strikes out swinging
Batting: RHB Lee Carlson 0-0: Ball
1-0: Foul Ball, location: 2F
1-1: Ball
2-1: Ball
3-1: SINGLE (Groundball, 6MD, EV 98.1 MPH)
Pim Oskamp to third
Danny Adams to second
Runner from 3rd tries for Home, SAFE, no throw by CF
Batting: LHB Ed Cotton 0-0: Ground out 3-1 (Groundball, 34S, EV 73.1 MPH)
Danny Adams to third
Lee Carlson to second
Batting: LHB Don Hartman 0-0: Ball
1-0: Ball
2-0: Called Strike
2-1: SINGLE (Popup, 4D, EV 70.0 MPH)
Danny Adams scores
Lee Carlson to third
Runner from 3rd tries for Home, SAFE, no throw by 2B
Pitching: LHP Andy Dundee
Batting: LHB Pedro Rey 0-0: Ball
1-0: SINGLE (Groundball, 34D, EV 103.1 MPH)
Don Hartman to second
Runner from 2nd tries for 3rd, SAFE, throw by RF made to third
Batting: LHB Marcos Vargas Pickoff Throw to First - Out! 1-3
Top of the 7th over - 3 runs, 5 hits, 0 errors, 1 left on base; Watford City 3 - Ballard 0
BOTTOM OF THE 7TH
Ballard Beavers batting - Pitching for Watford City Trash Pandas : RHP Wing-chiu Che
Now at SS: Sung-jae Nam
Batting: RHB Eli Johnson 0-0: Called Strike
0-1: Ball
1-1: Called Strike
1-2: Strikes out looking
Batting: RHB José López 0-0: Called Strike
0-1: SOLO HOME RUN (Flyball, 78XD, EV 93.8 MPH), Distance : 446 ft
Batting: RHB José Romero 0-0: Called Strike
0-1: Ball
1-1: Called Strike
1-2: Strikes out looking
Batting: RHB Jim McDermott 0-0: Ground out 5-3 (Groundball, 56, EV 89.4 MPH)
Bottom of the 7th over - 1 run, 1 hit, 0 errors, 0 left on base; Watford City 3 - Ballard 1
TOP OF THE 8TH
Watford City Trash Pandas batting - Pitching for Ballard Beavers : LHP Andy Dundee
Batting: LHB Marcos Vargas 0-0: Called Strike
0-1: Foul Ball, location: 2F
0-2: Strikes out swinging
Batting: RHB Zier Weeteling 0-0: Ball
1-0: Called Strike
1-1: Called Strike
1-2: Foul Ball, location: 2F
1-2: Strikes out looking
Batting: RHB Sung-jae Nam 0-0: Foul Ball, location: 2F
0-1: Fly out, F8 (Line Drive, 8LD, EV 85.0 MPH)
Top of the 8th over - 0 runs, 0 hits, 0 errors, 0 left on base; Watford City 3 - Ballard 1
BOTTOM OF THE 8TH
Ballard Beavers batting - Pitching for Watford City Trash Pandas : RHP Wing-chiu Che
Batting: LHB Shane Holman 0-0: Ball
1-0: SINGLE (Flyball, 7LM, EV 100.0 MPH)
Pitching: RHP Edgardo López
Batting: RHB Kevin Neal 0-0: Ball
1-0: Foul Ball, location: 2F
1-1: Called Strike
1-2: Foul Ball, location: 2F
1-2: Ball
Passed Ball!
Shane Holman to second
2-2: Foul Ball, location: 2F
2-2: Foul Ball, location: 2F
2-2: Ball
3-2: Ground out 5-3 (Groundball, 56, EV 103.1 MPH)
Batting: LHB Bill Bass 0-0: Called Strike
0-1: Ball
1-1: Ball
2-1: Foul Ball, location: 2F
2-2: Ground out 5-3 (Groundball, 5, EV 81.2 MPH)
Batting: RHB John Reed 0-0: Ball
1-0: Ball
2-0: Called Strike
2-1: Called Strike
2-2: Strikes out swinging
Bottom of the 8th over - 0 runs, 1 hit, 0 errors, 1 left on base; Watford City 3 - Ballard 1
TOP OF THE 9TH
Watford City Trash Pandas batting - Pitching for Ballard Beavers : LHP Andy Dundee
Pitching: RHP Gregory Collins
Batting: SHB Danny Adams 0-0: Ball
1-0: Called Strike
1-1: Foul Ball, location: 2F
1-2: Ball
2-2: Strikes out swinging
Batting: LHB Francisco Gallardo 0-0: Called Strike
0-1: Ball
1-1: Called Strike
1-2: Foul Ball, location: 2F
1-2: Foul Ball, location: 2F
1-2: Ball
2-2: Ball
3-2: Foul Ball, location: 2F
3-2: SINGLE (Line Drive, 7LS, EV 98.8 MPH)
Batting: RHB Lee Carlson 0-0: Ball
1-0: Called Strike
1-1: Foul Ball, location: 7LSF, Error on foul ball, E7
1-2: Strikes out swinging
Batting: LHB Ed Cotton 0-0: Ball
Passed Ball!
Francisco Gallardo to second
1-0: Ground out 6-3 (Groundball, 6, EV 105.6 MPH)
Top of the 9th over - 0 runs, 1 hit, 1 error, 1 left on base; Watford City 3 - Ballard 1
BOTTOM OF THE 9TH
Ballard Beavers batting - Pitching for Watford City Trash Pandas : RHP Edgardo López
Pitching: RHP Mike Gould
Batting: RHB Rich Joyner 0-0: Called Strike
0-1: Foul Ball, location: 2F
0-2: Ball
1-2: Ball
2-2: Ball
3-2: Foul Ball, location: 2F
3-2: Foul Ball, location: 2F
3-2: Fly out, F9 (Flyball, 89M, EV 83.8 MPH)
Batting: RHB Eli Johnson 0-0: Ball
1-0: Foul Ball, location: 2F
1-1: Ball
2-1: Called Strike
2-2: Fly out, F9 (Line Drive, 9, EV 93.1 MPH)
Batting: RHB José López 0-0: Ball
1-0: Ball
2-0: Called Strike
2-1: Called Strike
2-2: Strikes out looking
Bottom of the 9th over - 0 runs, 0 hits, 0 errors, 0 left on base; Watford City 3 - Ballard 1
Friday, March 26th, 2021 - OOTP Baseball 20.8 Build 74